 Dungeon Crawl Stone Soup version 0.30-a0-4-ga7cffc901d (webtiles) character file.

Game seed: 109058600743155205

52232 greasedhog the Corrupter of Planes (level 14, -9/82 HPs)
             Began as a Gargoyle Abyssal Knight on Aug 21, 2022.
             Was the Champion of Lugonu.
             Mangled by a torpor snail (11 damage)
             ... on level 5 of the Lair of Beasts.
             The game lasted 00:24:08 (17071 turns).

greasedhog the Corrupter of Planes (GrAK)          Turns: 17071, Time: 00:24:08

Health: -9/82      AC: 30    Str: 30    XL:     14   Next: 63%
Magic:  19/27      EV:  8    Int: 11    God:    Lugonu [******]
Gold:   1059       SH:  0    Dex: 10    Spells: 13/13 levels left

rFire   + . .      SeeInvis .    a - +8 demon trident "Rift" {distort, reach+}
rCold   + . .      Faith    .    (no shield)
rNeg    + . .      Spirit   .    A - +0 plate armour
rPois   ∞          Reflect  .    o - +0 helmet
rElec   +          Harm     .    t - +2 cloak {Will+}
rCorr   .          Rampage  .    g - +0 pair of gloves
Will    ++...                    (no boots)
Stlth   ..........               (no amulet)
HPRegen 0.23/turn                i - ring "Liezyekk" {*Slow rPois rC+ Str+8}
MPRegen 0.20/turn                u - ring of protection from fire

@: flying, slowed, very slow
A: sickness immunity, AC +10, big wings, negative energy resistance 1,
electricity resistance, torment resistance 1, petrification resistance
a: Renounce Religion, Depart the Abyss, Bend Space, Banish, Corrupt, Enter the
Abyss, Brand Weapon With Distortion


You were on level 5 of the Lair of Beasts.
You worshipped Lugonu.
Lugonu was exalted by your worship.
You visited 3 branches of the dungeon, and saw 17 of its levels.
You visited the Abyss 1 time.
You also visited: Ossuary.

You collected 1136 gold pieces.
You spent 77 gold pieces at shops.

Inventory:

Hand Weapons
 a - the +8 demon trident "Rift" (weapon) {distort, reach+}
   (You found it on level 3 of the Dungeon)

   It warps and distorts space around it, and may blink, banish, or inflict
   extra damage upon those it strikes.
   Unwielding it can cause banishment or high damage.
   It can reach especially far, and its reaching attacks ignore other creatures
   in the way.
Armour
 g - a +0 pair of gloves (worn)
 o - a +0 helmet (worn)
 t - a +2 cloak of willpower (worn)
 A - a +0 plate armour (worn)
Jewellery
 i - the ring "Liezyekk" (left hand) {*Slow rPois rC+ Str+8}
   (You found it on level 2 of the Dungeon)

   [ring of poison resistance]

   Str:       It affects your strength (+8).
   rC:        It protects you from cold.
   rPois:     It protects you from poison.
   *Slow:     It may slow you when you take damage.
 p - a +4 ring of evasion
 u - a ring of protection from fire (right hand)
 E - a ring of flight
 L - a ring of protection from fire
 P - a +4 ring of evasion
Wands
 h - a wand of roots (23)
 s - a wand of flame (60)
 C - a wand of digging (22)
 D - a wand of polymorph (5)
 I - a wand of paralysis (5)
 O - a wand of light (5)
Scrolls
 k - 5 scrolls of teleportation
 m - 3 scrolls of silence
 n - 2 scrolls of immolation
 q - 3 scrolls of identify
 r - 2 scrolls of poison
 x - 2 scrolls of enchant weapon
 y - a scroll of magic mapping
 F - 3 scrolls of fog
 G - 2 scrolls of amnesia
 M - a scroll of summoning {unknown}
Potions
 b - 10 potions of curing
 c - 7 potions of flight
 d - 5 potions of degeneration {unknown}
 e - 4 potions of brilliance
 f - 3 potions of mutation
 j - 8 potions of lignification
 l - 2 potions of invisibility
 w - 3 potions of attraction {unknown}
 z - 4 potions of heal wounds {unknown}
 B - a potion of might {unknown}
 H - a potion of berserk rage {unknown}
 J - a potion of cancellation {unknown}
 K - a potion of experience {unknown}
 N - a potion of resistance {unknown}


   Skills:
 - Level 7.0 Fighting
 - Level 5.7 Maces & Flails
 - Level 14.0 Polearms
 * Level 8.9 Armour
 - Level 0.7 Dodging
 * Level 18.3 Invocations


You had 13 spell levels left.
You didn't know any spells.
Your spell library contained the following spells:

 Spells                   Type           Power      Damage    Failure   Level
 Sandblast                Erth           0%         2d4       95%         1
 Shock                    Conj/Air       0%         1d3       95%         1
 Blink                    Tloc           0%         N/A       99%         2
 Passwall                 Tmut/Erth      0%         N/A       99%         2
 Dazzling Flash           Conj/Hex       0%         N/A       100%        3
 Lesser Beckoning         Tloc           0%         N/A       100%        3
 Stone Arrow              Conj/Erth      0%         3d7       100%        3
 Swiftness                Air            0%         N/A       100%        3
 Airstrike                Air            0%         2d(0-16)  100%        4
 Iskenderun's Mystic Bla  Conj/Tloc      0%         2d3       100%        4
 Fireball                 Conj/Fire      0%         3d3       100%        5
 Iskenderun's Battlesphe  Conj           0%         2d6       100%        5
 Manifold Assault         Tloc           0%         N/A       100%        5
 Conjure Ball Lightning   Conj/Air       0%         3x3d6     100%        6
 Starburst                Conj/Fire      0%         6d3       100%        6
 Orb of Destruction       Conj           0%         9d5       100%        7


Dungeon Overview and Level Annotations

Branches:
Dungeon (11/15)            Temple (1/1) D:5            Lair (5/5) D:8
  Swamp (0/4) Lair:3        Snake (0/4) Lair:3        Slime (0/5) Lair:5
    Orc (0/2) D:10        Ossuary (visited)

Altars:
Ashenzari
Cheibriados
Dithmenos
Elyvilon
Gozag
Makhleb
Okawaru
Qazlal
Sif Muna
Vehumet
Wu Jian
Yredelemnul
Zin
The Shining One
Jiyva

Shops:
D:1 (   D:4 ?

Annotations:
D:10 exclusion: orange crystal statue
Lair:5 1 runed translucent door


Innate Abilities, Weirdness & Mutations

You are immune to sickness and miasma.
Your stone body is resilient. (AC +10)
You are immune to poison.
Your large and strong wings let you fly.
You resist negative energy. (rN+)
You are resistant to electric shocks. (rElec)
You are resistant to unholy torment.
You are immune to petrification.


Message History

You impale the tyrant leech!!
Space warps horribly around the tyrant leech!
The tyrant leech is heavily wounded.
The tyrant leech looks more healthy.
The tyrant leech bites you but does no damage.
The torpor snail is engulfed in poison gas.
The torpor snail looks even sicker.
The torpor snail is engulfed in poison gas.
The torpor snail looks as sick as possible!
Cornered, the torpor snail turns to fight!
You hit the tyrant leech but do no damage.
Space warps around the tyrant leech.
The tyrant leech is severely wounded.
The torpor snail seems to regain its courage.
The torpor snail barely misses you.
The tyrant leech bites you but does no damage.
The torpor snail is engulfed in poison gas.
The torpor snail looks even sicker.
You hit the tyrant leech.
The tyrant leech is severely wounded.
The torpor snail is engulfed in poison gas.
The torpor snail looks as sick as possible!
The torpor snail bites you but does no damage.
The tyrant leech bites you but does no damage.
Unknown command.
You puncture the tyrant leech!
Space warps horribly around the tyrant leech!
The tyrant leech is almost dead.
The torpor snail is engulfed in poison gas.
The torpor snail looks as sick as possible!
Unknown command.
You closely miss the tyrant leech.
The tyrant leech is almost dead.
The torpor snail is engulfed in poison gas.
The torpor snail looks as sick as possible!
The torpor snail briefly extends its eye-stalks.
The tyrant leech bites you!!
* * * LOW HITPOINT WARNING * * *
The torpor snail bites you!
You die...

#...# $$$###..
##..## $$$# #..
##..# $.$# #.. ..
#...####$$ #..
... ###..8#+# #..
....# ##...## ##.
#..ww.### ###...#
##
#...w.#####.†..##
###....#@#....##
##○§§†ww☼☼###
#§##.§§### ##
#####


You could see a tyrant leech and a torpor snail.

Vanquished Creatures
  Snorg (Lair:3)
  A boulder beetle (Lair:5)
  3 hydras
  A two-headed ogre (D:10)
  3 death yaks (Lair:5)
  Nergalle (Lair:2)
  2 fire crabs (Lair:4)
  A lindwurm (Lair:3)
  2 wolf spiders (Lair:5)
  14 elephants
  7 black mambas
  A torpor snail (Lair:5)
  A gargoyle (D:10)
  A guardian serpent (Lair:5)
  An unseen horror (D:9)
  14 cane toads
  A kobold demonologist (D:10)
  4 rime drakes
  6 komodo dragons
  A troll (D:10)
  A polar bear (Lair:5)
  3 tyrant leeches
  9 blink frogs
  7 hornets (Lair:5)
  Grinder (D:5)
  6 dream sheep (Lair:3)
  A vampire (D:9)
  11 wyverns
  27 yaks
  A basilisk (Lair:3)
  A redback (Lair:5)
  19 water moccasins
  Pargi (D:4)
  5 ice beasts
  3 black bears
  5 orc warriors
  5 ogres
  11 wolves
  A centaur (D:10)
  16 kobold brigands
  Blork the orc (D:6)
  8 bullfrogs
  2 scorpions (D:6)
  A necrophage (D:4)
  8 wights
  An electric eel (D:6)
  Crazy Yiuf (D:6)
  5 orc priests
  4 hounds
  3 iguanas
  16 orc wizards
  8 mummies (Ossuary)
  A gnoll (D:1)
  7 adders
  A shadow imp (D:6)
  A white imp (D:8)
  2 ufetubi
  A worm (D:2)
  The ghost of Splishie the Magician, a weakling GnWn of Cheibriados (D:3)
  6 dart slugs
  43 orcs
  11 endoplasms
  5 giant cockroaches
  A gnoll zombie (Ossuary)
  12 goblins
  5 hobgoblins
  12 jackals
  3 quokkas
  4 ball pythons
  9 bats
  A frilled lizard (D:3)
  20 kobolds
  5 kobold zombies (Ossuary)
  2 orc zombies (Ossuary)
  3 rats
414 creatures vanquished.

Vanquished Creatures (others)
  A bush (Lair:5)
  20 fungi
  80 plants
101 creatures vanquished.

Grand Total: 515 creatures vanquished

Notes
Turn   | Place    | Note
-------+----------+-------------------------------------------
     0 | Abyss:1  | greasedhog the Gargoyle Abyssal Knight began the quest for
                  | the Orb.
     0 | Abyss:1  | Reached XP level 1. HP: 14/14 MP: 2/2
     1 | D:1      | Escaped the Abyss
   188 | D:1      | Reached XP level 2. HP: 16/20 MP: 3/3
   551 | D:1      | Reached XP level 3. HP: 24/24 MP: 4/4
   833 | D:1      | Found Ikohun's Antique Weapon Emporium.
  1434 | D:2      | Reached XP level 4. HP: 29/30 MP: 5/5
  1458 | D:2      | Found a faded altar of an unknown god.
  1639 | D:2      | Reached *** piety under Lugonu
  2050 | D:2      | Identified the ring "Liezyekk" {*Slow rPois rC+ Str+8}
  2397 | D:3      | Noticed an ogre
  2982 | D:3      | Reached XP level 5. HP: 34/34 MP: 6/6
  2988 | D:3      | Found the +8 demon trident "Rift" {distort, reach+}
  3367 | D:3      | Banished an ogre
  3368 | D:3      | Reached skill level 5 in Fighting
  3373 | D:3      | Found a runed translucent door.
  3375 | D:3      | Noticed Splishie's ghost (weakling GnWn)
  3384 | D:3      | Killed Splishie's ghost
  3509 | D:4      | Noticed a black bear
  3514 | D:4      | Killed a black bear
  3515 | D:4      | Reached XP level 6. HP: 41/41 MP: 7/7
  3543 | D:4      | Found Kyobeuf's Magic Scroll Shoppe.
  3552 | D:4      | Bought a scroll of identify for 22 gold pieces
  3552 | D:4      | Bought a scroll of poison for 44 gold pieces
  3552 | D:4      | Bought a scroll of noise for 11 gold pieces
  3730 | D:4      | Reached **** piety under Lugonu
  3777 | D:4      | Noticed Pargi
  3783 | D:4      | Killed Pargi
  3784 | D:4      | Reached skill level 5 in Maces & Flails
  3875 | D:4      | Reached XP level 7. HP: 47/47 MP: 8/8
  4252 | D:5      | Entered Level 5 of the Dungeon
  4388 | D:5      | Found a staircase to the Ecumenical Temple.
  4394 | Temple   | Entered the Ecumenical Temple
  4497 | D:5      | Reached skill level 1 in Polearms
  4516 | D:5      | Reached skill level 3 in Invocations
  4748 | D:5      | Reached XP level 8. HP: 53/53 MP: 10/10
  4842 | D:5      | Noticed Grinder
  4858 | D:5      | Killed Grinder
  4859 | D:5      | Reached skill level 4 in Invocations
  5232 | D:6      | Noticed Blork the orc
  5239 | D:6      | Killed Blork the orc
  5253 | D:5      | Reached skill level 5 in Invocations
  5427 | D:6      | Reached skill level 6 in Invocations
  5432 | D:6      | Reached XP level 9. HP: 30/57 MP: 13/13
  5435 | D:6      | Reached skill level 5 in Polearms
  5789 | D:6      | Reached skill level 7 in Invocations
  5907 | D:6      | Found a glowing silver altar of Zin.
  5908 | D:6      | Found an opulent altar of Gozag.
  6019 | D:6      | Found a runed translucent door.
  6020 | D:6      | Noticed Crazy Yiuf
  6026 | D:6      | Killed Crazy Yiuf
  6442 | D:7      | Reached skill level 8 in Invocations
  6873 | D:8      | Found a staircase to the Lair.
  6957 | D:8      | Found a sand-covered staircase.
  6972 | Ossuary  | Entered an ossuary
  6978 | Ossuary  | Reached ***** piety under Lugonu
  7229 | D:8      | Reached skill level 9 in Invocations
  7229 | D:8      | Reached XP level 10. HP: 58/63 MP: 16/16
  8011 | D:9      | Killed an unseen horror
  8218 | D:9      | Reached skill level 10 in Invocations
  8577 | D:9      | Found a broken altar of Ashenzari.
  8700 | D:10     | Entered Level 10 of the Dungeon
  8700 | D:10     | Noticed a kobold demonologist
  8705 | D:10     | Killed a kobold demonologist
  8969 | D:10     | Reached skill level 11 in Invocations
  9018 | D:10     | Reached XP level 11. HP: 67/67 MP: 19/19
  9044 | D:10     | Noticed a two-headed ogre
  9047 | D:10     | Found a shimmering blue altar of Sif Muna.
  9047 | D:10     | Found a basalt altar of Yredelemnul.
  9050 | D:10     | Killed a two-headed ogre
  9053 | D:10     | Found a shadowy altar of Dithmenos.
  9053 | D:10     | Found a stormy altar of Qazlal.
  9118 | D:10     | Noticed a centaur warrior
  9128 | D:10     | Banished a centaur warrior
  9442 | D:10     | Reached skill level 10 in Polearms
  9460 | D:10     | Reached skill level 12 in Invocations
  9567 | D:10     | Found a staircase to the Orcish Mines.
  9754 | D:10     | Noticed an orange crystal statue
 10279 | Lair:1   | Entered Level 1 of the Lair of Beasts
 10354 | Lair:1   | Noticed a six-headed hydra
 10361 | Lair:1   | Killed a six-headed hydra
 10363 | Lair:1   | Noticed a six-headed hydra
 10366 | Lair:1   | Banished a six-headed hydra
 10439 | Lair:1   | Noticed a boulder beetle
 10441 | Lair:1   | Banished a boulder beetle
 10597 | Lair:1   | Reached skill level 13 in Invocations
 10845 | Lair:1   | Reached XP level 12. HP: 72/72 MP: 20/22
 11476 | Lair:2   | Reached skill level 14 in Invocations
 11734 | Lair:2   | Noticed Nergalle
 11743 | Lair:2   | Killed Nergalle
 12560 | Lair:3   | Reached skill level 15 in Invocations
 12584 | Lair:3   | Reached ****** piety under Lugonu
 12654 | Lair:3   | Found a staircase to the Snake Pit.
 12699 | Lair:3   | Noticed Snorg
 12711 | Lair:3   | Killed Snorg
 12844 | Lair:3   | Reached XP level 13. HP: 76/76 MP: 24/24
 13032 | Lair:3   | Found a staircase to the Swamp.
 14135 | Lair:4   | Reached skill level 16 in Invocations
 14791 | Lair:5   | Entered Level 5 of the Lair of Beasts
 15120 | Lair:5   | Found a staircase to the Slime Pits.
 15120 | Lair:5   | Found a viscous altar of Jiyva.
 15462 | Lair:5   | Reached skill level 17 in Invocations
 15484 | Lair:5   | Reached skill level 5 in Armour
 15502 | Lair:5   | Gained mutation: Your large and strong wings let you fly.
                  | [Gargoyle growth]
 15502 | Lair:5   | Reached XP level 14. HP: 46/82 MP: 26/26
 16336 | Lair:5   | Reached skill level 18 in Invocations
 17021 | Lair:5   | Found a runed translucent door.
 17071 | Lair:5   | HP: 2/82 [tyrant leech (21)]
 17071 | Lair:5   | Mangled by a torpor snail

Illustrated notes

Levels and vault maps discovered:
D:1:      minmay_arrival_stone_box, layout_basic, serial_shops, shop,
          serial_bayou_pond_c, st_stairs_13
D:2:      layout_basic, hellmonk_ecumenical_altar_prayer_group
D:3:      layout_loops_corners, gammafunk_ghost_grave
D:4:      layout_cave_pods, serial_shops, nicolae_shop_statue_plus, uniq_pargi
D:5:      layout_loops_corners, minmay_temple_entry_ruins, uniq_grinder
D:6:      layout_cave_pools, grunt_temple_overflow_gold_and_silver,
          kennysheep_cluttered_room, uniq_crazy_yiuf_cottage, uniq_blork_the_orc
D:7:      layout_cave_pools
D:8:      layout_cave_pods, dpeg_oklobed_lair, enter_ossuary_1
D:9:      layout_gridville, lemuel_round_altar, palyth_stone_intersect,
          minmay_between
D:10:     layout_roguey, grunt_temple_overflow_open, erik_orc_3, special_room
          [special_room_kobold], minivault_15
D:11:     layout_big_octagon, ebering_ghost_xom,
          minmay_shop_enchanted_jewellery, uniq_erolcha
Temple:   hellmonk_temple_two_chambers
Lair:1:   layout_cave_pods
Lair:2:   layout_hall_layers, grunt_megastairs_4, uniq_nergalle
Lair:3:   layout_loops_ring, minmay_swamp_entry_worms, dummy_snake_entry,
          uniq_snorg
Lair:4:   layout_loops_ring, nzn_random_ring
Lair:5:   wormcave, layout_regular_city, hangedman_lair_tendril_chambers,
          slime_entry_1, dpeg_oklob_1

Skill      XL: |  1  2  3  4  5  6  7  8  9 10 11 12 13 14 |
---------------+-------------------------------------------+-----
Fighting       | 4 5 6 7 |  7.0
Maces & Flails | 3 4 5 |  5.7
Polearms       | 2 4 7 9 11 12 14 | 14.0
Invocations    | 3 6 9 11 13 15 17 18 | 18.3
Armour         | 5 8 |  8.9
Dodging        | |  0.7

Action                   |  1- 3 |  4- 6 |  7- 9 | 10-12 | 13-15 || total
-------------------------+-------+-------+-------+-------+-------++-------
Melee: Mace              |    24 |       |       |       |       ||    24
       Punch             |     4 |     2 |       |     1 |     5 ||    12
       Dagger            |   110 |   118 |       |       |       ||   228
       Demon trident     |       |    40 |   217 |   436 |   472 ||  1165
Invok: Banish            |       |       |       |     4 |     8 ||    12
Evoke: Wand              |       |       |       |     1 |       ||     1
  Use: Scroll            |     3 |     3 |     4 |     7 |     3 ||    20
 Stab: Sleeping          |     1 |       |       |       |       ||     1
       Distracted        |       |       |       |     1 |       ||     1
Armor: Leather armour    |    30 |    52 |       |       |       ||    82
       Ring mail         |    13 |       |       |       |       ||    13
       Chain mail        |       |    14 |    70 |     9 |       ||    93
       Plate armour      |       |       |       |   165 |   186 ||   351
Dodge: Dodged            |    71 |    77 |    61 |   120 |    98 ||   427

Table legend: (Time is in decaauts)
 A = Elapsed time spent in this place.
 B = Non-inter-level travel time spent in this place.
 C = Inter-level travel time spent in this place.
 D = Time resting spent in this place.
 E = Time spent auto-exploring this place.
 F = Levels seen in this place.
 G = Mean time per level.
                   A        B        C        D        E       F      G
               +--------+--------+--------+--------+--------+-----+--------+
         Total |  16792 |  16219 |    573 |   2227 |  11495 |  19 |  883.8 |
       Dungeon |  10037 |   9597 |    440 |    953 |   7072 |  11 |  912.5 |
        Temple |      1 |      1 |      0 |      0 |      0 |   1 |    1.0 |
          Lair |   6577 |   6445 |    132 |   1274 |   4316 |   5 | 1315.4 |
         Abyss |      1 |      1 |      0 |      0 |      0 |   1 |    1.0 |
       Ossuary |    174 |    174 |      0 |      0 |    107 |   1 |  174.0 |
               +--------+--------+--------+--------+--------+-----+--------+

Top non-repeatable levels by time:
  Lair:5: 1819 daAuts
  Lair:4: 1358 daAuts
     D:1: 1309 daAuts
    D:10: 1297 daAuts
  Lair:3: 1200 daAuts
  Lair:1: 1103 daAuts
  Lair:2: 1095 daAuts
     D:9: 1050 daAuts
     D:3: 1047 daAuts
     D:2: 1011 daAuts
     D:5: 1009 daAuts
     D:6: 876 daAuts
     D:8: 872 daAuts
     D:4: 830 daAuts
     D:7: 729 daAuts
